 Dungeon Crawl Stone Soup version 0.31-a0-968-g24f9ace8b5 (webtiles) character file.

Game seed: 13655371540359776555

1234 lunkers the Martial Artist (level 9, -3/64 HPs)
             Began as a Meteoran Shapeshifter on Oct 27, 2023.
             Was an Initiate of Ru.
             Killed by divine providence
             ... invoked by an orc priest
              (13 damage)
             ... on level 7 of the Dungeon.
             The game lasted 00:06:32 (2500 turns).

lunkers the Martial Artist (Meteoran Shapeshifter)  Turns: 2500, Time: 00:06:32

Health: -3/64      AC: 10    Str: 17    XL:     9   Next: 6%
Magic:  10/10      EV: 11    Int: 11    God:    Ru [......]
Gold:   317        SH:  0    Dex: 18    Spells: 8/8 levels left

rFire   . .          .
                       - Unarmed
rCold   . . .        (shield currently unavailable)
rNeg    + . .        f - +0 ring mail
rPois   .            e - +2 hat {Will+}
rElec   .            (no cloak)
rCorr   +            s - +2 pair of gloves
SInv    .            (no boots)
Will    ++...        (no amulet)
Stlth   +            p - ring of resist corrosion
HPRegen 0.30/turn    r - ring of positive energy
MPRegen 0.12/turn

%: no passive effects
@: flux-form, weakened, glowing
A: glow, contaminating, sense surroundings 2, otherworldly, glowing, explore
regen
a: Begin Untransformation, Renounce Religion


You were on level 7 of the Dungeon.
You worshipped Ru.
Ru was noncommittal.
You were something dangerously unstable.
You visited 2 branches of the dungeon, and saw 8 of its levels.

You collected 317 gold pieces.

Inventory:

Armour
 e - a +2 hat of willpower (worn)
 f - a +0 ring mail (worn)
 s - a +2 pair of gloves (worn)
Jewellery
 k - an amulet of faith
 m - a ring of see invisible
 p - a ring of resist corrosion (left hand)
 r - a ring of positive energy (right hand)
Talismans
 c - a beast talisman
 d - a flux talisman (active)
Wands
 a - a wand of paralysis (12)
 i - a wand of light (1)
 o - a wand of polymorph (5)
Scrolls
 b - a scroll of identify
 j - a scroll of teleportation
 l - a scroll of enchant armour {unknown}
Potions
 g - 2 potions of attraction
 h - 2 potions of enlightenment
 n - 2 potions of might
 q - a potion of heal wounds
 t - 4 potions of curing
 u - a potion of mutation


   Skills:
 - Level 1.1 Fighting
 - Level 2.1 Dodging
 * Level 10.3 Unarmed Combat
 + Level 7.3 Shapeshifting


You had 8 spell levels left.
You didn't know any spells.
Your spell library contained the following spells:

 Spells                   Type           Power      Damage    Failure   Level
 Sublimation of Blood     Necr           0%         N/A       69%         2
 Frozen Ramparts          Ice            0%         1d1       89%         3
 Manifold Assault         Tloc           0%         N/A       100%        4
 Petrify                  Tmut/Erth      0%         N/A       100%        4
 Irradiate                Conj/Tmut      0%         3d11      100%        5
 Metabolic Englaciation   Hex/Ice        0%         N/A       100%        5
 Summon Forest            Summ/Tloc      0%         N/A       100%        5
 Summon Mana Viper        Hex/Summ       0%         N/A       100%        5
 Dispersal                Tloc           0%         N/A       100%        6
 Summon Cactus Giant      Summ           0%         N/A       100%        6
 Disjunction              Tloc           0%         N/A       100%        8


Dungeon Overview and Level Annotations

Branches:
Dungeon (7/15) Zot: 1753   Temple (1/1) D:5 Zot: 581

Altars:
Ashenzari
Cheibriados
Dithmenos
Elyvilon
Fedhas
Gozag
Hepliaklqana
Makhleb
Nemelex Xobeh
Okawaru
Qazlal
Ru
Sif Muna
Vehumet
Wu Jian
Xom
Yredelemnul
Zin
The Shining One

Annotations:
D:7 Menkaure


Innate Abilities, Weirdness & Mutations

You are something dangerously unstable.
You glow with magical radiation, making you easy to see and hit.
Foes you strike become dangerously contaminated with magical radiation.
You are incapable of wielding weapons or throwing items.
You passively map the area around you.
You are easily found by Zot.
You glow in the dark.
You regain HP and MP as you explore.


Message History

The centaur kicks you but does no damage.
You hear a shout!
You punch the centaur!
You kill the centaur!
A gnoll comes into view. It is wielding a +0 halberd.
Unknown command.
You hit the gnoll but do no damage.
The gnoll begins to glow.
The gnoll is severely wounded.
The gnoll bouda barely misses you.
Unknown command.
You punch the gnoll!
You kill the gnoll!
Your attacks no longer feel as feeble.
The gnoll bouda hits you but does no damage.
You hit the orc.
The orc begins to glow.
The orc is severely wounded.
The gnoll closely misses you. The gnoll barely misses you.
The gnoll bouda utters an invocation to its god.
The gnoll bouda is healed somewhat.
The orc closely misses you.
You punch the orc!
You kill the orc!
The gnoll barely misses you. The gnoll hits you but does no damage.
The gnoll barely misses you.
The gnoll bouda gazes fiercely through you!
You feel your attacks grow feeble.
The gnoll bouda hits you but does no damage.
The orc priest closely misses you.
You hit the orc priest.
The orc priest begins to glow.
The orc priest is heavily wounded.
The gnoll barely misses you. The gnoll completely misses you.
The gnoll misses you.
Menkaure mumbles some strange words.
Menkaure seems to speed up.
The gnoll bouda hits you but does no damage.
You hit the orc priest but do no damage.
The orc priest glows dangerously bright.
The orc priest is heavily wounded.
The orc priest mumbles some strange prayers to Beogh against you.
Beogh smites you!
You die...

, M.g#..........., *
o ,.......g.......,
co ............... *
, * ,...
............# *, *
..>.,* #..........# ,
.....** #........# *
, ......#####.....# #
, *
.........##g...###..
........opgM........*
, ......###)gg......#
* ....## ####....###
### ##....##
#####......#
###..........#
##............#
##.............##
#...............#


You could see Menkaure (fast), a gnoll bouda, an orc priest (heavy contam) and 3
gnolls.

Vanquished Creatures
  Grinder (D:4)
  A steam dragon (D:6)
  An orc warrior (D:7)
  An ice beast (D:5)
  2 black bears
  A centaur (D:7)
  A phantom (D:5)
  2 scorpions
  2 wights (D:6)
  A hound (D:4)
  An orc priest (D:5)
  2 iguanas (D:4)
  An orc wizard (D:5)
  2 gnolls (D:7)
  6 adders
  2 white imps
  2 ufetubi (D:7)
  2 worms
  10 orcs
  7 bats
  An endoplasm (D:3)
  A giant cockroach (D:1)
  5 goblins
  2 hobgoblins (D:3)
  4 jackals (D:4)
  3 quokkas
  4 ball pythons
  6 frilled lizards
  5 kobolds
  A rat (D:3)
80 creatures vanquished.

Notes
Turn   | Place    | Note
-------+----------+-------------------------------------------
     0 | D:1      | lunkers the Meteoran Shapeshifter began the quest for the
                  | Orb.
     0 | D:1      | Reached XP level 1. HP: 16/16 MP: 2/2
   120 | D:1      | Reached XP level 2. HP: 23/23 MP: 3/3
   195 | D:1      | Reached skill level 4 in Unarmed Combat
   456 | D:2      | Reached XP level 3. HP: 25/28 MP: 4/4
   543 | D:2      | Reached XP level 4. HP: 34/35 MP: 5/5
   604 | D:2      | Reached skill level 5 in Unarmed Combat
   616 | D:2      | You fall into a shaft and drop 1 floor!
   952 | D:3      | Identified the +5 ring mail of a Gauntlet {rF+ Int+3}
   990 | D:3      | Noticed a black bear
   999 | D:3      | Killed a black bear
  1000 | D:3      | Reached skill level 6 in Unarmed Combat
  1000 | D:3      | Reached XP level 5. HP: 28/40 MP: 6/6
  1012 | D:3      | Reached XP level 6. HP: 37/47 MP: 7/7
  1097 | D:3      | Found a faded altar of an unknown god.
  1125 | D:4      | Noticed Grinder
  1156 | D:4      | Reached skill level 5 in Shapeshifting
  1289 | D:4      | Paralysed by Grinder for 5 turns
  1313 | D:4      | Killed Grinder
  1314 | D:4      | Reached skill level 7 in Unarmed Combat
  1314 | D:4      | Reached XP level 7. HP: 52/52 MP: 8/8
  1401 | D:4      | Reached skill level 8 in Unarmed Combat
  1632 | D:5      | Entered Level 5 of the Dungeon
  1674 | D:5      | Reached XP level 8. HP: 49/59 MP: 9/9
  1683 | D:5      | Found a radiant altar of Vehumet.
  1716 | D:5      | Found a shimmering altar of Xom.
  1773 | D:5      | Found a staircase to the Ecumenical Temple.
  1814 | D:5      | Found a hazy altar of Hepliaklqana.
  1829 | D:5      | Reached skill level 9 in Unarmed Combat
  1988 | D:6      | Noticed a steam dragon
  2005 | D:6      | Killed a steam dragon
  2084 | D:6      | Reached skill level 10 in Unarmed Combat
  2385 | Temple   | Entered the Ecumenical Temple
  2394 | Temple   | Became a worshipper of Ru the Awakened
  2478 | D:7      | Noticed Menkaure
  2492 | D:7      | Gained mutation: You passively map the area around you.
                  | [Meteoran growth]
  2492 | D:7      | Reached XP level 9. HP: 12/64 MP: 10/10
  2500 | D:7      | Killed from afar by an orc priest

Illustrated notes

Levels and vault maps discovered:
D:1:      roderic_octagonal_star, layout_loops_ring
D:2:      layout_basic, minmay_tripent
D:3:      layout_loops_ring, shapermc_ecumenical_altar_petra, minmay_quantized
D:4:      layout_loops_cross, hangedman_abyss_or_decor_slice, uniq_grinder
D:5:      layout_rooms, nicolae_vehumet_radiance, mainiacjoe_overflow_24_doors,
          xom_butterflies, minmay_temple_entry_drinking_statues
D:6:      layout_gridville
D:7:      layout_cave_pods, minmay_circle_x, uniq_menkaure, uniq_pikel
Temple:   nicolae_temple_superstar

Skill      XL: |  1  2  3  4  5  6  7  8 |
---------------+-------------------------+-----
Unarmed Combat | 4 6 7 8 10 | 10.3
Shapeshifting  | 4 5 6 7 |  7.3
Fighting       | |  1.1
Dodging        | |  2.1

Action                     |  1- 3 |  4- 6 |  7- 9 || total
---------------------------+-------+-------+-------++-------
  Melee: Unarmed           |    50 |    86 |   129 ||   265
         Punch             |     3 |     2 |     3 ||     8
    Use: Scroll            |       |     7 |     4 ||    11
         Potion            |       |     1 |       ||     1
 Armour: Animal skin       |     3 |       |       ||     3
         Ring mail         |    21 |    57 |    96 ||   174
         Skin              |       |     6 |       ||     6
  Dodge: Dodged            |    25 |    53 |    81 ||   159
   Form: Flux              |       |       |     1 ||     1

Table legend: (Time is in decaauts)
 A = Elapsed time spent in this place.
 B = Non-inter-level travel time spent in this place.
 C = Inter-level travel time spent in this place.
 D = Time resting spent in this place.
 E = Time spent auto-exploring this place.
 F = Levels seen in this place.
 G = Mean time per level.
                   A        B        C        D        E       F      G
               +--------+--------+--------+--------+--------+-----+--------+
         Total |   2464 |   2291 |    173 |     39 |   1599 |   8 |  308.0 |
       Dungeon |   2446 |   2283 |    163 |     39 |   1599 |   7 |  349.4 |
        Temple |     18 |      9 |      9 |      0 |      0 |   1 |   18.0 |
               +--------+--------+--------+--------+--------+-----+--------+

Top non-repeatable levels by time:
     D:4: 503 daAuts
     D:3: 497 daAuts
     D:6: 448 daAuts
     D:1: 438 daAuts
     D:5: 312 daAuts
     D:2: 173 daAuts
     D:7: 72 daAuts
  Temple: 18 daAuts
